 Dungeon Crawl Stone Soup version 0.15-a0-348-gfef1ba5 (webtiles) character file.

258 MrRokkomies the Firebug (level 4, 0/30 HPs)
             Began as a Demonspawn Fire Elementalist on May 2, 2014.
             Slain by an orc
             ... wielding a +1,+2 short sword of draining
              (3 damage)
             ... on Level 4 of the Dungeon.
             The game lasted 00:09:18 (2612 turns).

MrRokkomies the Firebug (DsFE)                      Turns: 2612, Time: 00:09:19

HP   0/30        AC  7     Str  8      XL: 4   Next: 55%
MP   1/7         EV 11     Int 22      God:
Gold 152         SH  0     Dex 12      Spells:  3 memorised,  1 level left

rFire  . . .     SeeInvis .     h - +0 whip
rCold  . . .     Clarity  .     a - +0 robe
rNeg   . . .     Conserve .     (no shield)
rPois  .         rCorr    .     (no helmet)
rElec  .         rRot     .     (no cloak)
SustAb . .       Spirit   .     (no gloves)
rMut   .         Warding  .     e - +0 pair of boots
Saprov . . .     Stasis   .     (no amulet)
MR     .....                    (no ring)
                                i - +4 ring of intelligence

@: very slightly contaminated, heavily drained, not resistant to hostile
enchantments, very unstealthy
A: rough black scales 1
a: no special abilities


You were on level 4 of the Dungeon.
You were hungry.

You visited 1 branch of the dungeon, and saw 4 of its levels.

You collected 152 gold pieces.

Inventory:

Hand weapons
 h - a +0,+0 whip (weapon)
 s - a +2,+1 sling
Missiles
 j - a throwing net (quivered)
 r - 13 poisoned needles
 t - 15 stones
Armour
 a - a +0 robe (worn)
 e - a +0 pair of boots (worn)
Comestibles
 c - 2 bread rations
 k - a meat ration
Scrolls
 m - a scroll of remove curse
 p - a scroll of amnesia
Jewellery
 i - a +4 ring of intelligence (left hand)
Potions
 d - 3 potions of curing
 f - a potion of confusion
 l - a potion of magic {unknown}
 o - a potion of mutation {unknown}
Books
 b - a book of Flames

   Spells                             Type                      Level
   *Flame Tongue                      Conjuration/Fire             1
   *Throw Flame                       Conjuration/Fire             2
   *Conjure Flame                     Conjuration/Fire             3
   Inner Flame                        Hexes/Fire                   3
   Sticky Flame                       Conjuration/Fire             4
   Fireball                           Conjuration/Fire             5


   Skills:
 - Level 1.7(0.5) Dodging
 - Level 1.7(0.5) Stealth
 - Level 2.0(0.8) Spellcasting
 * Level 3.1(1.9) Conjurations
 + Level 3.9(2.6) Fire Magic


You had one spell level left.
You knew the following spells:

 Your Spells              Type           Power        Failure   Level  Hunger
a - Flame Tongue          Conj/Fire      ##...        8%          1    ##.....
b - Throw Flame           Conj/Fire      ##....       10%         2    ###....
c - Conjure Flame         Conj/Fire      ##......     17%         3    ####...


Dungeon Overview and Level Annotations

Branches:
Dungeon (4/15)
 Temple: D:4-7

Altars:
Ashenzari
Cheibriados
Kikubaaqudgha
Makhleb
Nemelex Xobeh
Trog

Annotations:
D:3 MrRokkomies' ghost, average LOFE


Innate Abilities, Weirdness & Mutations

You are partially covered in rough black scales (AC +4, Dex -1).


Message History

You hit the orc but do no damage.
The orc is lightly wounded.
The orc hits you with a short sword of draining.
* * * LOW HITPOINT WARNING * * *
You feel drained.
* * * LOW HITPOINT WARNING * * *
You hit the orc but do no damage.
The orc is lightly wounded.
The orc hits you but does no damage.
You feel drained.
You hit the orc but do no damage.
The orc is lightly wounded.
The orc closely misses you.
Drink which item? (? for menu, Esc to quit)
You feel better.
The orc priest invokes the aid of Beogh against you.
Something smites you!
Ouch! That really hurt!
* * * LOW HITPOINT WARNING * * *
The orc hits you with a short sword of draining.
You die...

... . #.# o... #.#
......###.#####..
.o.....§...§......
....>..###.#####..
........§.o.§.....(
.<.....###o#####..
...o# #@# ... #.# .
#.#
.....#####.#####
........<......#
..##.#####.#####
#.# ... #.##


You could see an orc priest and an orc.

Vanquished Creatures
  5 adders
  A worm (D:3)
  2 giant geckos
  An orc (D:3)
  5 giant cockroaches (D:1)
  9 goblins
  8 hobgoblins
  7 kobolds
  A quokka (D:3)
  2 ball pythons (D:3)
  6 bats
  2 giant newts (D:2)
  8 rats
57 creatures vanquished.

Notes
Turn   | Place    | Note
--------------------------------------------------------------
     0 | D:1      | MrRokkomies, the Demonspawn Fire Elementalist, began the quest for the Orb.
     0 | D:1      | Reached XP level 1. HP: 13/13 MP: 3/3
     2 | D:1      | Noticed a demigod
     2 | D:1      | Noticed an octopode
     4 | D:1      | Noticed a gargoyle
     6 | D:1      | Noticed a centaur
     6 | D:1      | Noticed a felid
     8 | D:1      | Noticed an ogre
    10 | D:1      | Noticed a tengu
    10 | D:1      | Noticed an elf
    12 | D:1      | Noticed a dwarf
    12 | D:1      | Noticed a draconian
    14 | D:1      | Noticed a human
    14 | D:1      | Noticed a minotaur
    16 | D:1      | Noticed a ghoul
    18 | D:1      | Noticed a spriggan
    18 | D:1      | Noticed a troll
    20 | D:1      | Noticed a naga
    20 | D:1      | Noticed a demonspawn
    22 | D:1      | Noticed a formicid
    22 | D:1      | Noticed a vine stalker
    24 | D:1      | Noticed a vampire
    26 | D:1      | Noticed a merfolk
   338 | D:1      | Gained mutation: You are partially covered in rough black scales (AC +4, Dex -1). [demonic ancestry]
   338 | D:1      | Reached XP level 2. HP: 19/19 MP: 0/4
   569 | D:1      | Reached skill level 3 in Fire Magic
   901 | D:1      | Learned a level 2 spell: Throw Flame
   963 | D:2      | Reached XP level 3. HP: 18/24 MP: 0/6
  1538 | D:2      | Reached XP level 4. HP: 30/30 MP: 3/7
  1758 | D:2      | Found a shattered altar of Ashenzari.
  1998 | D:2      | Found a bloodstained altar of Trog.
  1998 | D:2      | Found an ancient bone altar of Kikubaaqudgha.
  1999 | D:2      | Found a sparkling altar of Nemelex Xobeh.
  2212 | D:3      | Found a snail-covered altar of Cheibriados.
  2223 | D:3      | Found a burning altar of Makhleb.
  2388 | D:3      | Learned a level 3 spell: Conjure Flame
  2474 | D:3      | Noticed MrRokkomies' ghost (average LOFE)
  2612 | D:4      | Slain by an orc

Action                   |  1- 3 |  4- 6 || total
-------------------------+-------+-------++-------
Melee: Unarmed           |    15 |       ||    15
       Short sword       |    86 |       ||    86
       Whip              |    14 |    23 ||    37
       Dagger            |       |    50 ||    50
 Cast: Flame Tongue      |    32 |    25 ||    57
       Throw Flame       |       |     6 ||     6
  Use: Scroll            |     5 |     6 ||    11
       Potion            |       |     1 ||     1
 Stab: Sleeping          |     4 |       ||     4
